 Dungeon Crawl Stone Soup version 0.27-a0-1529-g1e82c303ef (webtiles) character file.

Game seed: 16162583215950797030

765 Morbidden the Gusty (level 7, -1/57 HPs)
             Began as a Grey Draconian Air Elementalist on July 12, 2021.
             Was an Initiate of Cheibriados.
             Succumbed to a kobold brigand's curare-tipped dart
             ... on level 7 of the Dungeon.
             The game lasted 00:08:36 (5558 turns).

Morbidden the Gusty (DrAE)                          Turns: 5558, Time: 00:08:36

Health: -1/57      AC: 11    Str: 12    XL:     7   Next: 52%
Magic:  12/12      EV: 12    Int: 18    God:    Cheibriados [......]
Gold:   252        SH:  0    Dex: 12    Spells: 1/13 levels left

rFire    . . .     SeeInvis .   a - +3 dagger (venom)
rCold    . . .     Faith    .   (no shield)
rNeg     . . .     Spirit   .   (armour unavailable)
rPois    .         Reflect  .   (helmet restricted)
rElec    .         Harm     .   (no cloak)
rCorr    .         Rampage  .   (no gloves)
Will     .....                  (no boots)
Stlth    ++........             (no amulet)
HPRegen  0.19/turn              (no ring)
MPRegen  0.13/turn              (no ring)

@: lethally poisoned (-1 -> -8), flying, slowed, very slow
A: AC +11, amphibious, unfitting armour, cold-blooded
a: Renounce Religion, Bend Time


You were on level 7 of the Dungeon.
You worshipped Cheibriados.
Cheibriados was noncommittal.
You visited 1 branch of the dungeon, and saw 7 of its levels.

You collected 252 gold pieces.

Inventory:

Hand Weapons
 a - a +3 dagger of venom (weapon)
Jewellery
 f - a +4 ring of evasion
Wands
 k - a wand of acid (9)
Scrolls
 b - 4 scrolls of enchant weapon
 c - 5 scrolls of identify
 g - a scroll of torment {unknown}
 h - a scroll of fear {unknown}
 i - a scroll of magic mapping {unknown}
 j - a scroll of enchant armour {unknown}
 m - a scroll of noise {unknown}
 o - a scroll of amnesia {unknown}
Potions
 d - a potion of flight
 e - a potion of attraction {unknown}
 l - a potion of ambrosia {unknown}
 n - a potion of lignification {unknown}


   Skills:
 * Level 3.0 Fighting
 + Level 2.0 Short Blades
 * Level 3.0 Dodging
 + Level 2.6 Stealth
 + Level 0.2 Unarmed Combat
 * Level 3.6 Spellcasting
 * Level 3.2 Conjurations
 * Level 1.1 Translocations
 + Level 3.9 Air Magic
 * Level 2.0 Invocations


You had one spell level left.
You knew the following spells:

 Your Spells              Type           Power      Damage    Failure   Level
a - Shock                 Conj/Air       64%        1d7       3%          1
b - Static Discharge      Conj/Air       16%        N/A       5%          2
c - Airstrike             Air            8%         N/A       30%         4
d - Manifold Assault      Tloc           7%         N/A       95%         5

Your spell library contained the following spells:

 Spells                   Type           Power      Damage    Failure   Level
 Swiftness                Air            17%        N/A       10%         3
 Blink                    Tloc           N/A        N/A       14%         2
 Passwall                 Tmut/Erth      2%         N/A       24%         2
 Gell's Gravitas          Tloc           3%         N/A       28%         3
 Lesser Beckoning         Tloc           3%         N/A       28%         3
 Teleport Other           Tloc           7%         N/A       28%         3
 Portal Projectile        Hex/Tloc       10%        N/A       36%         3
 Call Canine Familiar     Summ           3%         N/A       43%         3
 Leda's Liquefaction      Hex/Erth       1%         N/A       83%         4
 Dispersal                Tloc           3%         N/A       100%        6
 Invisibility             Hex            1%         N/A       100%        6


Dungeon Overview and Level Annotations

Branches:
Dungeon (6/15)
 Temple: D:4-7

Altars:
Cheibriados
Wu Jian
Yredelemnul
Zin
The Shining One

Shops:
D:1 =

Annotations:
D:4 2 transporters, wpisznazwe's ghost, weakling HuDe
D:5 Grinder


Innate Abilities, Weirdness & Mutations

Your dull iron-grey scales are very hard. (AC +11)
You are amphibious.
You cannot fit into any form of body armour.
You are cold-blooded and may be slowed by cold attacks.


Message History

The curare-tipped dart hits you.
You are poisoned.
You have difficulty breathing.
You feel yourself slow down.
The howler monkey hits you but does no damage. x2
Unknown command.
Unknown command.
Unknown command.
The ogre shouts!
You hit the ogre. You tail-slap the ogre.
You kill the ogre!
Cheibriados appreciates the change of pace.
You feel very sick. The hound bites you but does no damage.
The orc warrior closely misses you.
An ogre comes into view. It is wielding a +0 giant club.
An orc comes into view. It is wielding a +0 mace.
The hound barely misses you.
A kobold brigand comes into view.
It is wielding a +0 dagger and quivering curare-tipped darts.
The howler monkey hits you.
* * * LOW HITPOINT WARNING * * *
The howler monkey hoots and howls with incredible vigour!
The orc warrior misses you.
The kobold brigand hits you with a +0 whip!
* * * LOW HITPOINT WARNING * * *
You hear a shout!
You hear a howl!
You hear a shout! x2; You hear a bark!
You hear a howl!
You hear a bark!
You hear a shout!
You hear a howl! x2
Your Fighting skill increases to level 3!
Your Short Blades skill increases to level 2!
Your Dodging skill increases to level 3!
Your Invocations skill increases to level 2!
Unknown command.
Unknown command.
Unknown command.
Unknown command.
Unknown command.
Unknown command.
It was a potion of flight.
You feel very buoyant.
You fly up into the air.
Your surroundings suddenly seem different.
You die...

#+#
#@#
#o#
K.
#.#
..
#.+
TO
#.+
..
#.#
##Og
#o#


#Oog #.# +Kh. #.o. You could see an orc priest (asleep) and an orc (asleep).

Vanquished Creatures
  Sigmund (D:5)
  A black bear (D:4)
  An ogre (D:7)
  A phantom (D:5)
  A scorpion (D:4)
  2 hounds (D:5)
  2 bullfrog skeletons
  An iguana (D:5)
  Robin (D:4)
  5 gnolls
  3 adders
  A dart slug (D:1)
  6 endoplasms
  3 giant cockroaches (D:1)
  14 goblins
  10 hobgoblins
  4 jackals (D:1)
  2 kobolds
  A quokka (D:1)
  6 ball pythons
  4 bats
  7 frilled lizards
  6 rats
83 creatures vanquished.

Notes
Turn   | Place    | Note
-------+----------+-------------------------------------------
     0 | D:1      | Morbidden the Draconian Air Elementalist began the quest
                  | for the Orb.
     0 | D:1      | Reached XP level 1. HP: 14/14 MP: 3/3
   213 | D:1      | Found Qeremewn's Jewellery Shop.
   237 | D:1      | Reached XP level 2. HP: 4/20 MP: 0/5
   718 | D:1      | Learned a level 2 spell: Static Discharge
   935 | D:1      | Found a faded altar of an unknown god.
  1361 | D:1      | Reached XP level 3. HP: 27/27 MP: 4/6
  1666 | D:2      | Reached skill level 1 in Fighting
  2216 | D:2      | Found a glowing silver altar of Zin.
  2526 | D:3      | Reached XP level 4. HP: 28/35 MP: 7/7
  2723 | D:3      | Found a glowing golden altar of the Shining One.
  3361 | D:3      | Found an ornate altar of the Wu Jian Council.
  3571 | D:4      | Noticed Robin
  3583 | D:4      | Noticed a scorpion
  3593 | D:4      | Killed a scorpion
  3594 | D:4      | Reached XP level 5. HP: 37/41 MP: 1/9
  3922 | D:4      | Killed Robin
  4007 | D:4      | Found a snail-covered altar of Cheibriados.
  4045 | D:4      | Became a worshipper of Cheibriados the Contemplative
  4457 | D:4      | Learned a level 4 spell: Airstrike
  4489 | D:4      | Noticed a black bear
  4501 | D:4      | Killed a black bear
  4502 | D:4      | Reached skill level 1 in Short Blades
  4502 | D:4      | Reached XP level 6. HP: 48/48 MP: 6/10
  4546 | D:4      | Found a transporter.
  4548 | D:4      | Found a transporter.
  4548 | D:4      | Noticed wpisznazwe's ghost (weakling HuDe)
  4548 | D:4      | Identified the +9 great mace of Discord {freeze, rN+ Str+7
                  | Int+2}
  4751 | D:5      | Entered Level 5 of the Dungeon
  4752 | D:5      | Found a basalt altar of Yredelemnul.
  4780 | D:5      | Noticed Sigmund
  4981 | D:5      | Killed Sigmund
  4982 | D:5      | Reached skill level 1 in Invocations
  5022 | D:5      | Your scales start taking on a dull iron-grey colour.
  5022 | D:5      | Reached XP level 7. HP: 33/56 MP: 0/12
  5028 | D:5      | Learned a level 5 spell: Manifold Assault
  5343 | D:5      | Noticed Grinder
  5346 | D:5      | Paralysed by Grinder for 7 turns
  5359 | D:5      | Reached skill level 1 in Translocations
  5543 | D:5      | You fall into a shaft and drop 2 floors!
  5554 | D:7      | Noticed a troll
  5557 | D:7      | HP: 2/56 [kobold brigand (8)]
  5558 | D:7      | Succumbed to a kobold brigand's curare-tipped dart

Illustrated notes

Levels and vault maps discovered:
D:1:      amcnicky_arrival_abandoned_market, layout_loops_ring,
          ebering_ecumenical_altar_hall, serial_shops, nicolae_diamond_shop,
          minmay_tetromino_l4
D:2:      layout_loops_ring, basic_altar
D:3:      layout_rooms, mainiacjoe_overflow_brackets,
          nicolae_wu_jian_glorious_leap
D:4:      layout_loops_ring, lemuel_crystal_altar, gammafunk_ghost_smash,
          uniq_robin
D:5:      layout_cave_pools, nicolae_overflow_crystal_walls,
          mainiacjoe_overflow_small_starburst, makhleb_blood_cavern_becter,
          uniq_grinder, uniq_sigmund
D:6:      layout_gridville, kennysheep_little_box, minmay_misc_feat_alley,
          st_stairs_3
D:7:      lemuel_castle_with_subvaults [lemuel_castle_interior_original],
          layout_basic, minmay_temple_entry_slanted

Skill      XL: |  1  2  3  4  5  6  7 |
---------------+----------------------+-----
Fighting       | 1 2 3 |  3.0
Dodging        | 2 3 |  3.0
Conjurations   | 2 3 |  3.2
Air Magic      | 4 3 |  3.9
Stealth        | 2 |  2.6
Spellcasting   | 3 |  3.6
Short Blades   | 1 2 |  2.0
Invocations    | 1 2 |  2.0
Translocations | 1 |  1.1
Unarmed Combat | |  0.2

Action                   |  1- 3 |  4- 6 |  7- 9 || total
-------------------------+-------+-------+-------++-------
Melee: Unarmed           |    16 |       |       ||    16
       Dagger            |    13 |    73 |    48 ||   134
       Tailslap          |     1 |     8 |     5 ||    14
 Cast: Shock             |    66 |    46 |       ||   112
       Static Discharge  |       |     9 |       ||     9
Evoke: Wand              |       |       |     2 ||     2
  Use: Potion            |       |     2 |     1 ||     3
       Scroll            |       |       |     3 ||     3
 Stab: Sleeping          |       |     2 |     1 ||     3
Armor: Skin              |     9 |    27 |    28 ||    64
Dodge: Dodged            |    33 |    50 |    32 ||   115

Table legend: (Time is in decaauts)
 A = Elapsed time spent in this place.
 B = Non-inter-level travel time spent in this place.
 C = Inter-level travel time spent in this place.
 D = Time resting spent in this place.
 E = Time spent auto-exploring this place.
 F = Levels seen in this place.
 G = Mean time per level.
                   A        B        C        D        E       F      G
               +--------+--------+--------+--------+--------+-----+--------+
         Total |   5730 |   5540 |    190 |    731 |   4157 |   7 |  818.6 |
       Dungeon |   5730 |   5540 |    190 |    731 |   4157 |   7 |  818.6 |
               +--------+--------+--------+--------+--------+-----+--------+

Top non-repeatable levels by time:
     D:1: 1579 daAuts
     D:4: 1216 daAuts
     D:2: 1147 daAuts
     D:3: 951 daAuts
     D:5: 638 daAuts
     D:6: 182 daAuts
     D:7: 16 daAuts
